[Event "ICC Open 2015"]
[Site "Internet Chess Club"]
[Date "2015.05.29"]
[Round "8"]
[White "TudoracheM"]
[Black "PuRe"]
[Result "0-1"]
[ICCResult "White forfeits on time"]
[WhiteElo "1850"]
[BlackElo "1854"]
[Opening "Sicilian: Anderssen variation"]
[ECO "B41"]
[NIC "SI.41"]
[Time "15:28:34"]
[TimeControl "180+0"]

1. e4 c5 2. Nf3 e6 3. d4 cxd4 4. Nxd4 Nf6 5. Nc3 Nc6 6. g3 d5 7. Nxc6 bxc6
8. Bg2 Ba6 9. e5 Nd7 10. f4 Bc5 11. Qf3 O-O 12. Bd2 Rb8 13. Na4 Be7 14. Bf1
Bxf1 15. Rxf1 f6 16. exf6 Bxf6 17. c3 e5 18. O-O-O e4 19. Qe3 Qa5 20. b3 Nb6
21. Nxb6 Rxb6 22. Kb1 Ra6 {White forfeits on time} 0-1

[Event "ICC Open 2015"]
[Site "Internet Chess Club"]
[Date "2015.05.29"]
[Round "8"]
[White "JCarllsen"]
[Black "Berke"]
[Result "1-0"]
[ICCResult "Black resigns"]
[WhiteElo "1808"]
[BlackElo "1461"]
[Opening "Two knights defense"]
[ECO "C55"]
[NIC "IG.01"]
[Time "15:29:07"]
[TimeControl "180+0"]

1. e4 e5 2. Nf3 Nc6 3. Bc4 Nf6 4. O-O Be7 5. d4 exd4 6. e5 Ng4 7. Re1 O-O 8.
h3 Nxf2 9. Kxf2 Bc5 10. Kf1 d6 11. exd6 Qxd6 12. Bd3 Be6 13. Nbd2 Rae8 14.
Ne4 Qd5 15. Nxc5 Qxc5 16. Bf4 Bd5 17. Qd2 Ne7 18. Qf2 Ng6 19. Bg3 Qb4 20.
Qxd4 Rxe1+ 21. Rxe1 Bxf3 22. Qxb4 Bxg2+ 23. Kxg2 {Black resigns} 1-0

[Event "ICC Open 2015"]
[Site "Internet Chess Club"]
[Date "2015.05.29"]
[Round "8"]
[White "Mercury"]
[Black "kingest1912"]
[Result "1-0"]
[ICCResult "Black forfeits on time"]
[WhiteElo "2460"]
[BlackElo "1909"]
[Opening "Petrov: modern attack, Symmetrical variation"]
[ECO "C43"]
[NIC "RG.02"]
[Time "15:27:29"]
[TimeControl "180+0"]

1. e4 e5 2. Nf3 Nf6 3. d4 Nxe4 4. Bd3 d5 5. Nxe5 Bd6 6. O-O Nd7 7. c4 c6 8.
cxd5 cxd5 9. Nxd7 Bxd7 10. Qh5 O-O 11. Qxd5 Bc6 12. Qf5 g6 13. Qg4 h5 14.
Qh3 Qf6 15. Be3 Rae8 16. Nc3 Nxc3 17. bxc3 b6 18. a4 a5 19. Rab1 Bc7 20. Bb5
Re4 21. Bxc6 Qxc6 22. Qf3 Rh4 23. Rfd1 Bxh2+ 24. Kf1 Qxf3 25. gxf3 Re8 26.
Rxb6 Bf4 27. Ke2 Rh2 28. Kd3 Bxe3 29. fxe3 Ra2 30. d5 Rxa4 31. d6 Rd8 32.
Rdb1 Kf8 33. Rb8 Ke8 34. Rxd8+ Kxd8 35. Rb7 Ra1 36. Kd4 Rd1+ 37. Kc5 Re1 38.
e4 Re3 39. c4 Rxf3 40. Kc6 Kc8 41. d7+ Kd8 42. Rb8+ Ke7 43. d8=Q+ Ke6 44.
Qd5+ Kf6 45. Rf8 Kg7 46. Re8 Rf6+ 47. Kc5 Rc6+ 48. Qxc6 a4 49. Qxa4 Kh6 50.
Qa1 h4 51. Qc1+ Kh5 52. Qh1 Kg5 53. Rh8 Kf4 54. Rxh4+ Ke5 55. Rh2 Ke6 56.
Rd2 f6 57. Rd6+ Ke5 58. Qh2+ Kxe4 59. Qf4+ Kxf4 60. Rxf6+
{Black forfeits on time}
1-0

[Event "ICC Open 2015"]
[Site "Internet Chess Club"]
[Date "2015.05.29"]
[Round "8"]
[White "ALexiz"]
[Black "JEMEM"]
[Result "0-1"]
[ICCResult "White forfeits on time"]
[WhiteElo "1772"]
[BlackElo "2003"]
[Opening "Catalan opening"]
[ECO "E00"]
[NIC "CA.01"]
[Time "15:27:51"]
[TimeControl "180+0"]

1. d4 Nf6 2. c4 e6 3. g3 Bb4+ 4. Bd2 a5 5. Bg2 d6 6. Nf3 Nc6 7. O-O e5 8. d5
Ne7 9. a3 Bc5 10. Nc3 e4 11. Ng5 e3 12. Bxe3 Bxe3 13. fxe3 Nf5 14. Qd2 Ng4
15. e4 Nfh6 16. Qf4 Ne5 17. b3 O-O 18. Nf3 Ng6 19. Qd2 Ng4 20. h3 N4e5 21.
Nxe5 Nxe5 22. Kh2 f5 23. exf5 Bxf5 24. e4 Bd7 25. Rxf8+ Qxf8 26. Rf1 Qe7 27.
Ne2 a4 28. Qc3 Qg5 29. Nf4 Qh6 30. b4 Rf8 31. c5 g5 32. Ne6 Bxe6 33. Rxf8+
Kxf8 34. dxe6 Qxe6 35. cxd6 Qxd6 36. Qe3 h6 37. Qa7 Qc6 38. Qb8+ Kg7 39. Qd8
Qd6 40. Qxd6 cxd6 41. Kg1 Kf6 42. Kf2 b6 43. Ke3 Nc4+ 44. Kd4 Nxa3 45. Bf1
b5 46. Kd5 Nc2 47. Bxb5 Nxb4+ 48. Kxd6 a3 49. Bc4 a2 50. e5+ Kf5 51. Bxa2
Nxa2 52. e6 Nc3 53. e7 Ne4+ 54. Kd7 Nf6+ {White forfeits on time} 0-1

[Event "ICC Open 2015"]
[Site "Internet Chess Club"]
[Date "2015.05.29"]
[Round "8"]
[White "Torek9M"]
[Black "El-Flippo"]
[Result "0-1"]
[ICCResult "White forfeits on time"]
[WhiteElo "1173"]
[BlackElo "1323"]
[Opening "Sicilian defense"]
[ECO "B30"]
[NIC "SI.31"]
[Time "15:28:49"]
[TimeControl "180+0"]

1. e4 c5 2. Nf3 Nc6 3. c3 d5 4. exd5 Qxd5 5. d3 Bg4 6. Be2 O-O-O 7. h3 Bxf3
8. Bxf3 Qxd3 9. Qxd3 Rxd3 10. O-O Ne5 11. Be4 Rd7 12. Bf4 Ng6 13. Bg3 Nf6
14. Bf5 e6 15. Bc2 Bd6 16. Bxd6 Rxd6 17. Na3 a6 18. Nc4 Rd5 19. Nb6+ Kc7 20.
Nxd5+ exd5 21. Rad1 Re8 22. Bxg6 hxg6 23. Rfe1 Rxe1+ 24. Rxe1 Kd6 25. Rd1 b5
26. b3 a5 27. c4 bxc4 28. bxc4 d4 29. Kf1 Ne4 30. f3 Nc3 31. Rc1 Nxa2 32.
Ra1 Nb4 33. Rxa5 Nd3 34. Ke2 Nb2 {White forfeits on time} 0-1

[Event "ICC Open 2015"]
[Site "Internet Chess Club"]
[Date "2015.05.29"]
[Round "8"]
[White "auket40"]
[Black "Rotchopf"]
[Result "0-1"]
[ICCResult "White checkmated"]
[WhiteElo "1661"]
[BlackElo "1855"]
[Opening "Queen's Pawn"]
[ECO "A41"]
[NIC "QO.17"]
[Time "15:28:28"]
[TimeControl "180+0"]

1. d4 d6 2. Nf3 Nf6 3. g3 Nc6 4. Bg2 Bg4 5. c4 e5 6. dxe5 dxe5 7. Qxd8+ Rxd8
8. a3 Bxf3 9. Bxf3 Nd4 10. Nc3 Nc2+ 11. Kf1 Nxa1 12. Nd5 Nxd5 13. cxd5 Nb3
14. Be3 b6 15. Kg2 Bc5 16. d6 Rxd6 17. Bxc5 Nxc5 18. b4 Ne6 19. Rc1 O-O 20.
e3 Rd2 21. h4 f5 22. Rc6 Rd6 23. Rc2 e4 24. Be2 c5 25. Bc4 cxb4 26. axb4 a5
27. bxa5 bxa5 28. Ra2 Ra8 29. Ra4 Kf8 30. g4 Nc5 31. Ra1 g6 32. h5 a4 33.
hxg6 hxg6 34. gxf5 gxf5 35. Rh1 Rg6+ 36. Kf1 Ke7 37. Rh7+ Kd6 38. Ke2 a3 39.
Rh1 Ra4 40. Rd1+ Nd3 41. Bxd3 exd3+ 42. Kxd3 Ke5 43. f4+ Kd5 44. Kc3+ Kc5
45. Kb3 Rb4+ 46. Kxa3 Ra6# {White checkmated} 0-1

[Event "ICC Open 2015"]
[Site "Internet Chess Club"]
[Date "2015.05.29"]
[Round "8"]
[White "Lundendorf"]
[Black "chessdjw"]
[Result "0-1"]
[ICCResult "White forfeits on time"]
[WhiteElo "1899"]
[BlackElo "2207"]
[Opening "Scotch: Schmidt variation"]
[ECO "C45"]
[NIC "SO.04"]
[Time "15:27:21"]
[TimeControl "180+0"]

1. e4 e5 2. Nf3 Nc6 3. d4 exd4 4. Nxd4 Nf6 5. Nc3 Bc5 6. Nxc6 bxc6 7. Bg5
O-O 8. Bd3 d6 9. O-O Rb8 10. Rb1 Bd4 11. Ne2 Bb6 12. Nc3 h6 13. Bh4 Be6 14.
h3 g5 15. Bg3 Nd7 16. b3 Ne5 17. Ba6 Qf6 18. Ne2 h5 19. Qd2 h4 20. Bh2 Rbd8
21. Bb7 Bxh3 22. c4 Nf3+ 23. gxf3 Kh7 24. Qc3 Qg6 25. Rfd1 f5 26. e5 f4 27.
Bxc6 g4 28. Be4 gxf3+ 29. Ng3 Bf5 30. Bxf5 Rxf5 31. Kh1 hxg3 32. Qd3 g2+ 33.
Kg1 Rh5 34. Qxg6+ Kxg6 35. Rxd6+ cxd6 {White forfeits on time} 0-1

[Event "ICC Open 2015"]
[Site "Internet Chess Club"]
[Date "2015.05.29"]
[Round "8"]
[White "RdgMx"]
[Black "Warhabid"]
[Result "0-1"]
[ICCResult "White resigns"]
[WhiteElo "1849"]
[BlackElo "2284"]
[Opening "Queen's bishop game"]
[ECO "D02"]
[NIC "QP.08"]
[Time "15:28:35"]
[TimeControl "180+0"]

1. d4 d5 2. Nf3 Nf6 3. Bf4 c5 4. c3 Qb6 5. Qb3 Nc6 6. Nbd2 c4 7. Qxb6 axb6
8. e3 b5 9. Be2 Bf5 10. O-O h6 11. a3 e6 12. Ne5 Nd7 13. Nxd7 Kxd7 14. Nf3
f6 15. h3 g5 16. Bg3 Bd6 17. Bxd6 Kxd6 18. Nd2 h5 19. f3 e5 20. dxe5+ fxe5
21. f4 gxf4 22. exf4 e4 23. Rfd1 Rag8 24. Nf1 Kc5 25. Ne3 Be6 26. f5 Bf7 27.
Rd2 Ne5 28. Rad1 Nd3 29. Bxd3 cxd3 30. Rf1 d4 31. cxd4+ Kxd4 32. Nc2+ Ke5
33. Ne3 Bb3 34. Rc1 Rg3 35. Nf1 Rg7 36. Ne3 Kd4 37. Kf2 Bc4 38. Rg1 Rf8 39.
g4 hxg4 40. hxg4 Rh8 41. b3 Bxb3 42. Rc1 Rh3 43. Nc2+ Bxc2 44. Rcxc2 e3+ 45.
Ke1 exd2+ 46. Rxd2 Re7+ 47. Kf2 Rh2+ {White resigns} 0-1

[Event "ICC Open 2015"]
[Site "Internet Chess Club"]
[Date "2015.05.29"]
[Round "8"]
[White "AAntonioEu"]
[Black "DARKTRUDER"]
[Result "1-0"]
[ICCResult "Black forfeits on time"]
[WhiteElo "1916"]
[BlackElo "2167"]
[Opening "French: classical, Steinitz variation"]
[ECO "C14"]
[NIC "FR.06"]
[Time "15:27:37"]
[TimeControl "180+0"]

1. e4 e6 2. d4 d5 3. Nc3 Nf6 4. Bg5 Be7 5. e5 Nfd7 6. Bxe7 Qxe7 7. f4 a6 8.
Nf3 c5 9. dxc5 Nc6 10. Bd3 Qxc5 11. Qe2 b5 12. Qf2 Qxf2+ 13. Kxf2 O-O 14.
Ne2 f6 15. exf6 gxf6 16. g3 e5 17. Bf5 Nc5 18. Bxc8 Raxc8 19. Rhd1 d4 20.
Kg2 Nb4 21. c3 Nc2 22. cxd4 exd4 23. Nexd4 Nxa1 24. Rxa1 Rfd8 25. Re1 Nd3
26. Re7 Nxb2 27. Nf5 Rd3 28. N3h4 Nd1 29. Nh6+ Kf8 30. Rf7+ Ke8 31. N4f5
Rc2+ 32. Kh3 Nf2+ 33. Kh4 Rxa2 34. Rxh7 b4 35. Ng8 b3 36. Nxf6+ Kd8 37. Rb7
b2 38. g4 Rd1 39. g5 b1=Q 40. Rxb1 Rxb1 41. g6 Nd3 42. g7 Rxh2+ 43. Kg3 Rg1+
44. Kxh2 Rxg7 45. Nxg7 a5 46. Nd5 a4 47. f5 a3 48. Nc3 Ke7 49. Nh5 Kd6 50.
Kg2 Kc5 51. f6 Ne5 52. Nf4 Kc4 53. Nfe2 Kd3 54. Kg3 Nf7 55. Kf4 Nd8 56. Kf5
Nf7 57. Ke6 Ng5+ 58. Ke7 Kc2 59. Na2 Kb2 60. Nec3 Kc2 61. Kf8 Kb3 62. Kg7
Ne6+ 63. Kf7 Nd8+ 64. Ke7 Nc6+ 65. Ke8 Ne5 66. Nb5 Ng6 67. Nxa3 Kb2 68. Nc4+
Kxa2 69. Ne5 Nf4 70. f7 Nd5 71. Nd7 Nc7+ 72. Kf8 Nd5 73. Kg8 Nf6+ 74. Nxf6
Ka3 75. f8=Q+ Ka4 76. Qc8 Kb5 77. Qd7+ Kb6 78. Qe6+ Ka7 79. Qe5 Ka8 80. Nd7
Ka7 81. Qc5+ Ka8 82. Qc6+ {Black forfeits on time} 1-0

[Event "ICC Open 2015"]
[Site "Internet Chess Club"]
[Date "2015.05.29"]
[Round "8"]
[White "Woss"]
[Black "Bleeksk"]
[Result "1/2-1/2"]
[ICCResult "White stalemated"]
[WhiteElo "2092"]
[BlackElo "1962"]
[Opening "French: Réti (Spielmann) variation"]
[ECO "C00"]
[NIC "FR.01"]
[Time "15:27:46"]
[TimeControl "180+0"]

1. e4 e6 2. b3 d5 3. Bb2 Nf6 4. e5 Nfd7 5. Qg4 c5 6. f4 Nc6 7. Nf3 h5 8. Qg3
g6 9. Ng5 Be7 10. h4 Bxg5 11. hxg5 b6 12. Be2 Qe7 13. c4 d4 14. Na3 a6 15.
Bf3 Bb7 16. d3 O-O-O 17. O-O-O Ndb8 18. Nb1 a5 19. Nd2 a4 20. Ne4 axb3 21.
axb3 Nb4 22. Nd6+ Rxd6 23. exd6 Qxd6 24. Bxb7+ Kxb7 25. Kd2 N8c6 26. Ra1 e5
27. fxe5 Nxe5 28. Rhf1 Nxc4+ 29. bxc4 Qxg3 30. Rxf7+ Kb8 31. Raa7 Qxd3+ 32.
Ke1 Qb1+ 33. Kf2 Qxb2+ 34. Kg3 Qc3+ 35. Kh2 Nc6 36. Rfb7+ Kc8 37. Rc7+ Kd8
38. Rxc6 Qe3 39. Rxb6 Qf4+ 40. Kg1 Re8 41. Ra8+ Ke7 42. Rb7+ Kf8 43. Rxe8+
Kxe8 44. Rb6 Qxg5 45. Re6+ Kd7 46. Re1 d3 47. Kf1 d2 48. Rd1 Qe3 49. Ra1 Kd6
50. Rd1 Ke5 51. Ra1 Kd4 52. Rd1 Kxc4 53. Ra1 Kd3 54. Ra3+ Kd4 55. Ra4+ c4
56. Ra1 c3 57. Ra4+ Kd3 58. Ra1 Qe1+ 59. Rxe1 dxe1=Q+ 60. Kxe1 c2 61. Kf2
c1=Q 62. Kg3 Qd2 63. Kh4 Qxg2 {White stalemated} 1/2-1/2

[Event "ICC Open 2015"]
[Site "Internet Chess Club"]
[Date "2015.05.29"]
[Round "8"]
[White "Ennjy"]
[Black "Ancient"]
[Result "0-1"]
[ICCResult "White resigns"]
[WhiteElo "1943"]
[BlackElo "1956"]
[Opening "QGD: exchange, positional line"]
[ECO "D35"]
[NIC "QO.16"]
[Time "15:28:29"]
[TimeControl "180+0"]

1. d4 e6 2. c4 d5 3. Nc3 Nf6 4. cxd5 exd5 5. Bg5 Nbd7 6. e3 Be7 7. Bd3 O-O
8. Nf3 Re8 9. O-O c6 10. Qc2 Nf8 11. Rab1 Ng6 12. b4 a6 13. a4 Bd6 14. b5
axb5 15. axb5 h6 16. Bxg6 fxg6 17. Bh4 Bf5 18. Qb3 Bxb1 19. Qxb1 g5 20. Bg3
Bxg3 21. hxg3 Ra3 22. Qb4 Qa5 23. Qxa5 Rxa5 24. Rb1 Ne4 25. Nxe4 dxe4 26.
Ne5 Rxb5 27. Rxb5 cxb5 28. Kf1 Ra8 29. Ke1 Ra1+ 30. Kd2 Ra2+ 31. Kc3 Rxf2
32. d5 Rxg2 33. d6 Kf8 34. Kb4 Rd2 35. d7 Ke7 36. Kc3 Rd5 37. Ng4 Kxd7 38.
Nf2 Re5 39. Kd4 Ke6 40. Nxe4 Rxe4+ 41. Kxe4 h5 42. Kd4 h4 43. gxh4 gxh4 44.
Ke4 b4 45. Kf3 b3 46. Kg4 b2 47. Kxh4 b1=Q 48. Kg4 Qf5+ 49. Kg3 Ke5 50. Kg2
{White resigns}
0-1

[Event "ICC Open 2015"]
[Site "Internet Chess Club"]
[Date "2015.05.29"]
[Round "8"]
[White "OptimusMagister"]
[Black "nevidimka"]
[Result "1-0"]
[ICCResult "Black forfeits on time"]
[WhiteElo "2260"]
[BlackElo "2014"]
[Opening "Caro-Kann: Steinitz variation"]
[ECO "B17"]
[NIC "CK.05"]
[Time "15:27:53"]
[TimeControl "180+0"]

1. Nc3 d5 2. e4 c6 3. d4 dxe4 4. Nxe4 Nd7 5. Ng5 e6 6. Bc4 Nb6 7. Bb3 Nf6 8.
N1f3 Be7 9. Ne5 O-O 10. O-O h6 11. Ngf3 a5 12. c3 Bd7 13. Bc2 Be8 14. Qd3
Nbd7 15. Nxd7 Qxd7 16. Ne5 Qc7 17. Ng4 g6 18. Nxf6+ Bxf6 19. Bxh6 Bg7 20.
Qe3 a4 21. a3 Ra5 22. Bxg7 Kxg7 23. Rae1 Rh8 24. Qg3 Qxg3 25. hxg3 Rah5 26.
f3 b5 27. Kf2 Bd7 28. g4 Rh2 29. Re5 Kf6 30. g5+ Ke7 31. Rc5 Kd6 32. Be4
R8h5 33. f4 R5h4 34. Kg3 Rh1 35. Rf2 Rh8 36. c4 Re1 37. Bf3 Re3 38. Rc2 Rd3
39. Re5 Rxd4 40. c5+ Ke7 41. Ree2 Rd3 42. Rcd2 Rxd2 43. Rxd2 Rh1 44. Rd6 Rb1
45. Bxc6 Bxc6 46. Rxc6 Rxb2 47. Rc7+ Ke8 48. c6 Rc2 49. Kf3 Rc3+ 50. Ke4 Rc5
51. g4 Kf8 52. f5 exf5+ 53. gxf5 gxf5+ 54. Kd4 Rc4+ 55. Kd5 f4 56. Rb7 f3
57. Rxb5 Rc1 58. Rb2 Rd1+ 59. Kc5 Rc1+ 60. Kd6 Kg7 61. Rf2 Rc3 62. c7 Kg6
63. Kd7 Kxg5 64. Rxf3 Rxf3 65. c8=Q Rd3+ 66. Ke7 Re3+ 67. Kxf7 Re6 68. Kg7
{Black forfeits on time}
1-0

[Event "ICC Open 2015"]
[Site "Internet Chess Club"]
[Date "2015.05.29"]
[Round "8"]
[White "ShadowLike"]
[Black "Andrei21"]
[Result "0-1"]
[ICCResult "White checkmated"]
[WhiteElo "2244"]
[BlackElo "2955"]
[Opening "Philidor: Improved Hanham variation"]
[ECO "B07"]
[NIC "PU.08"]
[Time "15:29:14"]
[TimeControl "180+0"]

1. e4 d6 2. d4 Nf6 3. Nc3 e5 4. Nf3 Nbd7 5. Bc4 Be7 6. dxe5 dxe5 7. Bxf7+
Kxf7 8. Ng5+ Kg8 9. Ne6 Qe8 10. Nxc7 Qd8 11. Nxa8 b6 12. Nd5 Bb7 13. Nac7
Nxe4 14. O-O Bd6 15. Nb5 Bb8 16. c4 Nec5 17. Qg4 h5 18. Qe6+ Nxe6 19. a4 a6
20. Nbc3 Nd4 21. b3 Nxb3 22. Rb1 Nxc1 23. Rbxc1 Nf6 24. Rcd1 Nxd5 25. Nxd5
Bxd5 26. Rxd5 Qc7 27. Rfd1 Kh7 28. g3 Qxc4 29. Rd7 Rf8 30. R1d2 Qxa4 31. Kg2
Qe4+ 32. Kh3 Rf4 33. gxf4 Qf3+ 34. Kh4 Qg4# {White checkmated} 0-1

[Event "ICC Open 2015"]
[Site "Internet Chess Club"]
[Date "2015.05.29"]
[Round "8"]
[White "Dictator"]
[Black "Talion"]
[Result "0-1"]
[ICCResult "White resigns"]
[WhiteElo "2601"]
[BlackElo "2925"]
[Opening "Modern defense"]
[ECO "A40"]
[NIC "QO.17"]
[Time "15:28:10"]
[TimeControl "180+0"]

1. d4 g6 2. c3 Bg7 3. Nf3 b6 4. g3 Bb7 5. Bg2 e6 6. O-O Ne7 7. Nbd2 d6 8. e4
Nd7 9. Re1 h6 10. b3 a6 11. Bb2 O-O 12. c4 c5 13. Qc2 Qc7 14. d5 Bxb2 15.
Qxb2 e5 16. Rf1 f5 17. Ne1 f4 18. gxf4 exf4 19. Ndf3 g5 20. Bh3 Ng6 21. Nd3
Rae8 22. Rae1 Nde5 23. Nfxe5 Nxe5 24. Nxe5 Rxe5 25. f3 Bc8 26. Qg2 b5 27.
Rf2 Bd7 28. Bg4 Qc8 29. Bxd7 Qxd7 30. Kh1 Kh7 31. Rc1 a5 32. cxb5 Qxb5 33.
Rc4 Qd7 34. h3 Rb8 35. Qg4 Qxg4 36. hxg4 Rb4 37. Rfc2 Kg6 38. R2c3 Re7 39.
Kg2 h5 40. gxh5+ Kxh5 41. Rc1 Kg6 42. R1c2 Reb7 43. Rc1 a4 44. bxa4 Rxc4 45.
Rxc4 Rb2+ 46. Kh3 Kh5 47. e5 dxe5 48. Rxc5 Rxa2 49. d6 Rd2 50. Rxe5 Rxd6 51.
a5 Rd2 52. a6 Ra2 53. Re6 Rf2 54. a7 Rxf3+ 55. Kg2 Ra3 56. Re7 Kg4 57. Kf2
Ra2+ 58. Ke1 Kg3 59. Rb7 g4 60. Rb3+ f3 61. Rb7 f2+ 62. Kf1 Ra1+ 63. Ke2
f1=Q+ {White resigns} 0-1

[Event "ICC Open 2015"]
[Site "Internet Chess Club"]
[Date "2015.05.29"]
[Round "8"]
[White "MeWantCookie"]
[Black "IssaNissa"]
[Result "1-0"]
[ICCResult "Black forfeits on time"]
[WhiteElo "1628"]
[BlackElo "1814"]
[Opening "Queen's pawn"]
[ECO "A40"]
[NIC "QO.17"]
[Time "15:27:44"]
[TimeControl "180+0"]

1. d4 c6 2. Nf3 d5 3. e3 Nf6 4. Bd3 Bg4 5. h3 Bh5 6. Nbd2 e6 7. c3 Bd6 8.
Qc2 Nbd7 9. a4 Qe7 10. b4 Bg6 11. O-O e5 12. dxe5 Nxe5 13. Nxe5 Qxe5 14. Nf3
Qh5 15. Bxg6 hxg6 16. Re1 Ne4 17. b5 Ng5 18. Nxg5 Qxg5 19. e4 Qe7 20. Ba3 d4
21. Bxd6 Qxd6 22. cxd4 O-O-O 23. bxc6 Qxc6 24. Qd3 Kb8 25. d5 Qd6 26. Rad1
Rh5 27. Qg3 Qxg3 28. fxg3 Re5 29. Kf2 Rde8 30. g4 Rxe4 31. Rxe4 Rxe4 32. d6
Re8 33. Kf3 a6 34. Kf4 f6 35. g5 b6 36. g4 Kb7 37. gxf6 gxf6 38. g5 f5 39.
d7 Rd8 40. Ke5 Kc7 41. Ke6 Rh8 42. Ke7 Rh7+ 43. Kf6 Rxd7 44. Rc1+ Kd8 45.
Kxg6 f4 46. Kf5 Rf7+ 47. Kg4 f3 48. Rf1 f2 49. h4 Ke7 50. Kg3 Rg7 51. Rxf2
Ke6 52. Kg4 Ke5 53. h5 Ke6 54. g6 {Black forfeits on time} 1-0

[Event "ICC Open 2015"]
[Site "Internet Chess Club"]
[Date "2015.05.29"]
[Round "8"]
[White "fireland"]
[Black "Sibelephant"]
[Result "1-0"]
[ICCResult "Black resigns"]
[WhiteElo "3076"]
[BlackElo "3206"]
[Opening "Grünfeld: Three knights variation"]
[ECO "D90"]
[NIC "GI.07"]
[Time "15:27:45"]
[TimeControl "180+0"]

1. d4 Nf6 2. Nf3 g6 3. c4 Bg7 4. Nc3 d5 5. cxd5 Nxd5 6. Na4 Nf6 7. Nc3 O-O
8. e4 Bg4 9. Be2 c5 10. d5 Nbd7 11. O-O Ne8 12. Bf4 Nd6 13. Nd2 Bxe2 14.
Qxe2 Ne5 15. Rad1 Qd7 16. Bg3 b5 17. f4 Nec4 18. Nxc4 Nxc4 19. e5 a6 20. Ne4
Rac8 21. h4 Rfd8 22. h5 Qf5 23. hxg6 hxg6 24. b3 Nb6 25. d6 exd6 26. Nxd6
Rxd6 27. Rxd6 Na8 28. Rfd1 Nc7 29. Rd8+ Rxd8 30. Rxd8+ Kh7 31. Qd3 Qg4 32.
Rd7 c4 33. Qd2 c3 34. Qd3 Ne6 35. Rxf7 c2 36. Qxc2 Qxg3 37. Qf2 Qg4 38. Qf3
Qxf3 39. gxf3 Kg8 40. Ra7 Nxf4 41. Rxa6 Bxe5 42. Kf2 Kf7 43. Ke3 Ne6 44. Ra5
Nc7 45. a4 Bd6 46. axb5 Bb4 47. Ra4 Bc5+ 48. Kd3 Ke6 49. Rg4 Nxb5 50. Kc4
Kf5 51. Kxb5 {Black resigns} 1-0

[Event "ICC Open 2015"]
[Site "Internet Chess Club"]
[Date "2015.05.29"]
[Round "8"]
[White "Nemesis23"]
[Black "HSK"]
[Result "0-1"]
[ICCResult "White resigns"]
[WhiteElo "1781"]
[BlackElo "2247"]
[Opening "Sicilian: Alapin's variation (2.c3)"]
[ECO "B22"]
[NIC "SI.46"]
[Time "15:28:12"]
[TimeControl "180+0"]

1. e4 c5 2. c3 d5 3. exd5 Qxd5 4. d4 Nc6 5. Nf3 Nf6 6. Be2 e6 7. O-O cxd4 8.
cxd4 Be7 9. h3 O-O 10. Be3 Rd8 11. Nc3 Qa5 12. a3 Nd5 13. Qb3 Qc7 14. Rfd1
Na5 15. Qa2 Nxc3 16. bxc3 Qxc3 17. Bd2 Qc7 18. Rdc1 Nc6 19. Be3 Bf6 20. Rc4
Qd6 21. Rac1 Bd7 22. Qd2 Qxa3 23. d5 exd5 24. Bc5 Qa5 25. Qxa5 Nxa5 26. Rb4
b6 27. Bd4 Nc6 28. Bxf6 Nxb4 29. Bxd8 Rxd8 30. Nd4 Rc8 31. Ra1 a5 32. Bf3
Be6 33. Nb5 Rc5 34. Nd6 Kf8 35. Re1 a4 36. Nb7 Rc7 37. Nd6 Rc2 38. Nb5 Ke7
39. Nd4 Rd2 40. Nf5+ Kf6 41. Nd6 a3 42. Rb1 Rb2 43. Ra1 a2 44. Nb5 Rb1+
{White resigns}
0-1

[Event "ICC Open 2015"]
[Site "Internet Chess Club"]
[Date "2015.05.29"]
[Round "8"]
[White "PITCHUS"]
[Black "jyd34"]
[Result "0-1"]
[ICCResult "White forfeits on time"]
[WhiteElo "1789"]
[BlackElo "1588"]
[Opening "Réti: King's Indian attack"]
[ECO "A05"]
[NIC "KI.75"]
[Time "15:28:43"]
[TimeControl "180+0"]

1. Nf3 Nf6 2. g3 g6 3. Bg2 Bg7 4. O-O c6 5. c4 O-O 6. Nc3 d6 7. d4 Nbd7 8.
b3 Qc7 9. Bb2 a6 10. Rc1 b6 11. e4 Bb7 12. d5 c5 13. Re1 Rae8 14. Ng5 Ng4
15. h3 Nge5 16. f4 f6 17. fxe5 fxg5 18. e6 Ne5 19. Ne2 Rf6 20. Bxe5 dxe5 21.
Qd2 Ref8 22. Rf1 Rxf1+ 23. Rxf1 Rxf1+ 24. Bxf1 Qd8 25. Kg2 Qf8 26. Ng1 h6
27. Nf3 Bf6 28. g4 Kg7 29. Qb2 Qa8 30. b4 Bc8 31. bxc5 bxc5 32. Qb6 Bxe6 33.
dxe6 Qxe4 34. Qxc5 Qc2+ 35. Kg3 e4 36. Ne1 Qxa2 37. Qf2 Qa1 38. Kg2 a5 39.
c5 a4 40. c6 Qc3 41. Qc2 Qxc2+ 42. Nxc2 Be5 43. Bb5 Kf6 44. Bxa4 Kxe6 45.
Ne3 Kd6 46. Nc4+ Kc7 47. Nxe5 e6 48. Nxg6 e3 49. Nf8 e5 50. Ne6+ Kc8 51. Ng7
e2 52. Kf3 e1=Q {White forfeits on time} 0-1

[Event "ICC Open 2015"]
[Site "Internet Chess Club"]
[Date "2015.05.29"]
[Round "8"]
[White "BlueJ"]
[Black "Snooze"]
[Result "1-0"]
[ICCResult "Black checkmated"]
[WhiteElo "2195"]
[BlackElo "1894"]
[Opening "QGD: Chigorin defense"]
[ECO "D07"]
[NIC "QP.08"]
[Time "15:28:24"]
[TimeControl "180+0"]

1. d4 d5 2. c4 Nc6 3. Nc3 dxc4 4. d5 Ne5 5. f4 Ng6 6. e4 e6 7. Nf3 Nf6 8.
Bxc4 a6 9. O-O Bc5+ 10. Kh1 O-O 11. dxe6 Bxe6 12. Bxe6 fxe6 13. Qb3 Qc8 14.
Bd2 Ng4 15. h3 Nf2+ 16. Kh2 Nxf4 17. Bxf4 Rxf4 18. Qc2 Nxh3 19. gxh3 Qf8 20.
Qg2 Rd8 21. Ng5 Rd3 22. Nxe6 Rxf1 23. Rxf1 Qd6+ 24. Nf4 Be3 25. Nd5 Rd2 26.
Nxe3 Rxg2+ 27. Kxg2 Qd2+ 28. Kf3 Qxb2 29. a4 c5 30. Rd1 Qb3 31. Rd8+ Kf7 32.
Rd7+ Kg8 33. Nh5 g6 34. Nf6+ Kf8 35. Kf4 c4 36. Ned5 c3 37. Nxh7+ Ke8 38.
Ndf6# {Black checkmated} 1-0

[Event "ICC Open 2015"]
[Site "Internet Chess Club"]
[Date "2015.05.29"]
[Round "8"]
[White "maki89"]
[Black "suilven"]
[Result "1-0"]
[ICCResult "Black checkmated"]
[WhiteElo "2359"]
[BlackElo "1860"]
[Opening "QGD semi-Slav: 5.e3"]
[ECO "D45"]
[NIC "SL.08"]
[Time "15:28:08"]
[TimeControl "180+0"]

1. d4 d5 2. c4 c6 3. Nc3 e6 4. e3 Nf6 5. Nf3 g6 6. Bd3 Bg7 7. O-O O-O 8. Re1
Nbd7 9. Qc2 Re8 10. b3 b6 11. Bb2 Bb7 12. e4 Nxe4 13. Nxe4 dxe4 14. Bxe4 Qc7
15. h4 Nf6 16. Ne5 Nxe4 17. Qxe4 c5 18. Qf4 h5 19. dxc5 bxc5 20. Rad1 Rad8
21. Ba1 Qe7 22. Bc3 Qf6 23. Qe3 Qxh4 24. Rxd8 Rxd8 25. Nxg6 fxg6 26. Qxe6+
Kh7 27. Qf7 Rg8 28. Re8 Qg4 29. Qxg8+ Kh6 30. Qxg7+ Kg5 31. Qf6+ Kh6 32.
Rh8# {Black checkmated} 1-0

[Event "ICC Open 2015"]
[Site "Internet Chess Club"]
[Date "2015.05.29"]
[Round "8"]
[White "waynerooney"]
[Black "Irenaeus"]
[Result "0-1"]
[ICCResult "White forfeits on time"]
[WhiteElo "1925"]
[BlackElo "1776"]
[Opening "King's Indian: 3.g3"]
[ECO "E60"]
[NIC "KI.80"]
[Time "15:28:08"]
[TimeControl "180+0"]

1. d4 Nf6 2. c4 g6 3. g3 c6 4. Bg2 d5 5. b3 Bg7 6. e3 O-O 7. Ne2 Ne4 8. Bb2
Nd7 9. Nbc3 Ndf6 10. O-O Bf5 11. f3 Nxc3 12. Bxc3 Qd7 13. g4 Be6 14. c5 b6
15. b4 a5 16. cxb6 axb4 17. Bxb4 Rfb8 18. Bc5 h5 19. g5 Ne8 20. a4 Nd6 21.
a5 Nc4 22. a6 Nxb6 23. Nf4 Nc4 24. a7 Rb7 25. Qe2 Rbxa7 26. Bxa7 Rxa7 27.
Rxa7 Qxa7 28. Nxe6 fxe6 29. Bh3 Nxe3 30. Bxe6+ Kh7 31. Kh1 Nxf1 32. Qxf1
Qxd4 33. Qb1 Qe3 34. Bh3 Qxf3+ 35. Bg2 Qf4 36. Qe1 Qxg5 37. Qe2 e5 38. Bf1
e4 39. Qa6 Qf4 40. Bg2 Qc1+ 41. Qf1 Qxf1+ 42. Bxf1 Bd4 43. Be2 Kg7 44. Kg2
Kf6 45. Kf1 g5 46. Bd1 g4 47. Ke2 Kg5 48. Kf1 h4 49. Kg2 Kf4 50. h3 g3
{White forfeits on time}
0-1